 Dungeon Crawl Stone Soup version 0.31.0-12-g77e489cdc1 (webtiles) character file.

Game seed: 14798499882680759279

3448 ChadusMaximus the Summoner (level 10, -4/63 HPs)
             Began as a Barachi Summoner on Mar 3, 2024.
             Was a Follower of Hepliaklqana.
             Killed from afar by Erica (20 damage)
             ... with a bolt of poison
             ... on level 8 of the Dungeon.
             The game lasted 00:14:32 (8721 turns).

ChadusMaximus the Summoner (Barachi Summoner)       Turns: 8721, Time: 00:14:33

Health: -4/63      AC:  6    Str: 10    XL:     10   Next: 6%
Magic:  19/22      EV: 13    Int: 19    God:    Hepliaklqana [*.....]
Gold:   486        SH:  0    Dex: 13    Spells: 11/25 levels left

rFire   . . .        G - +3 short sword (drain)
rCold   . . .        (no shield)
rNeg    + . .        a - +0 robe
rPois   .            P - +2 hat
rElec   .            (no cloak)
rCorr   .            N - +0 pair of gloves of the Watchman {rN+}
SInv    .            e - +0 pair of boots
Will    .....        w - amulet of magic regeneration
Stlth   ++           A - ring of wizardry
HPRegen 0.30/turn    m - +4 ring of slaying
MPRegen 0.58/turn

%: wizardry (x1)
@: lethally poisoned (-4 -> -44), slowed, inugami summoned, very slow
A: reduced essence, amphibious, slowness 1, strong legs 1, +LOS
a: Hop, Renounce Religion, Recall Ancestor, Ancestor Identity


You were on level 8 of the Dungeon.
You worshipped Hepliaklqana.
Hepliaklqana was aware of your devotion.
You visited 2 branches of the dungeon, and saw 9 of its levels.

You collected 486 gold pieces.

Inventory:

Hand Weapons
 c - a +0 short sword
 u - a +0 falchion
 x - a +0 falchion of flaming
 G - a +3 short sword of draining (weapon)
Missiles
 E - 2 throwing nets
Armour
 a - a +0 robe (worn)
 e - a +0 pair of boots (worn)
 D - a +0 ring mail of fire resistance
 N - the +0 pair of gloves of the Watchman (worn) {rN+}
   (You found it on level 7 of the Dungeon)

   rN+:       It protects you from negative energy.
 P - a +2 hat (worn)
Jewellery
 k - a ring of flight
 m - a +4 ring of slaying (right hand)
 w - an amulet of magic regeneration (around neck)
 A - a ring of wizardry (left hand)
 F - a +6 ring of dexterity
 I - a ring of resist corrosion
 O - an amulet of regeneration
Wands
 B - a wand of paralysis (4)
 C - a wand of polymorph (7)
 H - a wand of quicksilver (8)
 S - a wand of digging (4)
 T - a wand of iceblast (7)
Scrolls
 d - a scroll of enchant weapon
 f - 2 scrolls of silence
 h - 2 scrolls of noise
 i - 3 scrolls of vulnerability
 j - a scroll of revelation
 l - 2 scrolls of fog
 n - 4 scrolls of amnesia
 p - a scroll of summoning
 r - 5 scrolls of teleportation
 s - a scroll of immolation {unknown}
 t - 2 scrolls of blinking {unknown}
 y - 2 scrolls of enchant armour {unknown}
 J - 2 scrolls of poison {unknown}
 L - a scroll of brand weapon {unknown}
 M - a scroll of identify
Potions
 b - a potion of magic
 g - 2 potions of mutation {unknown}
 o - a potion of curing {unknown}
 q - 2 potions of lignification {unknown}
 v - a potion of heal wounds {unknown}
 z - a potion of invisibility {unknown}
 K - 2 potions of might {unknown}
 Q - a potion of degeneration {unknown}
 R - a potion of attraction {unknown}


   Skills:
 * Level 3.4 Fighting
 + Level 2.2 Long Blades
 + Level 3.2 Dodging
 - Level 1.8 Stealth
 - Level 8.0 Spellcasting
 - Level 13.5 Summonings


You had 11 spell levels left.
You knew the following spells:

 Your Spells              Type           Power      Damage    Failure   Level
a - Summon Small Mammal   Summ           100%       N/A       1%          1
b - Call Canine Familiar  Summ           56%        N/A       1%          3
c - Call Imp              Summ           100%       N/A       1%          2
d - Summon Lightning Spi  Summ/Air       33%        N/A       2%          4
e - Summon Blazeheart Go  Fire/Summ      33%        N/A       2%          4

Your spell library contained the following spells:

 Spells                   Type           Power      Damage    Failure   Level
 Apportation              Tloc           14%        N/A       3%          1
 Necrotise                Necr           28%        1d5       3%          1
 Shock                    Conj/Air       28%        1d4       3%          1
 Slow                     Hex            28%        N/A       3%          1
 Sting                    Conj/Alch      28%        1d4       3%          1
 Cigotuvi's Dreadful Rot  Necr/Alch/Air  14%        N/A       6%          2
 Confusing Touch          Hex            7%         N/A       11%         3
 Sigil of Binding         Hex            7%         N/A       11%         3
 Swiftness                Air            7%         N/A       11%         3
 Vampiric Draining        Necr           7%         2d6       11%         3
 Airstrike                Air            3%         2d(1-17)  32%         4
 Ignite Poison            Fire/Alch      7%         N/A       32%         4
 Freezing Cloud           Conj/Ice/Air   3%         6-21      65%         5


Dungeon Overview and Level Annotations

Branches:
Dungeon (8/15)             Temple (1/1) D:7            Lair (0/5) D:8

Altars:
Ashenzari
Cheibriados
Dithmenos
Elyvilon
Fedhas
Gozag
Hepliaklqana
Kikubaaqudgha
Makhleb
Nemelex Xobeh
Okawaru
Qazlal
Ru
Sif Muna
Trog
Uskayaw
Vehumet
Wu Jian
Xom
Yredelemnul
The Shining One

Shops:
D:5 (   D:7 [

Annotations:
D:8 Erica


Innate Abilities, Weirdness & Mutations

Your life essence is reduced to manifest your ancestor. (-10% HP)
You are amphibious.
You cover ground slowly.
You can hop short distances.
You have an extended range of vision and can be seen from far away.


Message History

Your inugami barely misses Erica.
There is an open door here.
You swap places.
Erica loses her grip on your inugami.
Your inugami disappears in a puff of smoke!
Duaenre misses Erica.
Casting: Call Canine Familiar (safe; 1% risk of failure)
Confirm with . or Enter, or press ? or * to list all spells.
An electric hum fills the air.
Erica stares at you and mumbles some strange words.
Duaenre seems to slow down.
Duaenre completely misses Erica.
Erica mumbles some strange words.
Erica flickers and vanishes!
Deactivating autopickup; reactivate with Ctrl-A.
Duaenre hits something.
Something hits Duaenre!
Something burns Duaenre.
Duaenre barely misses something.
Something hits Duaenre!!
Something burns Duaenre.
Something hits Duaenre!
Something burns Duaenre.
Duaenre is destroyed!
Casting: Summon Lightning Spire (dangerous; 2% risk of failure)
Confirm with . or Enter, or press ? or * to list all spells.
You call for your canine familiar and it appears with a howl!
You feel yourself slow down.
You hear some strange, mumbled words.
A bolt of poison appears from out of thin air!
The bolt of poison hits you!!
You are poisoned.
You feel extremely sick.
Your inugami closely misses something.
Casting: Call Canine Familiar (safe; 1% risk of failure)
Confirm with . or Enter, or press ? or * to list all spells.
A tiny devil pulls itself out of the air.
* * * LOW HITPOINT WARNING * * *
You feel very sick.
Your inugami hits something.
You hear some strange, mumbled words.
A bolt of poison appears from out of thin air!
The bolt of poison hits you!!
You are lethally poisoned!
You die...

..........#
..(.......#
..........#
....####'## #....#
#..{h# ###.8#
##########..#
#.......#.@.#
#.......#.5.#
#>..##..##..# .
#...##).##..#
...#####..##).....#
.......#..##......#
..8..#....#.......#
....###...#.......#
.8..# #...+.......#


You could see a friendly lightning spire (summoned), a friendly cerulean imp
(summoned) and a friendly inugami (summoned).

Vanquished Creatures
  A nameless horror (D:6)
  2 water moccasins (D:6)
  An ice beast (D:6)
  An ogre (D:5)
  A centaur (D:7)
  2 scorpions (D:6)
  An orc priest (D:8)
  3 bombardier beetles
  3 hounds
  A jelly (D:5)
  An orc wizard (D:8)
  An adder (D:5)
  2 ufetubi (D:6)
  3 adder zombies (D:6)
  A dart slug (D:3)
  4 orcs
  3 endoplasms
  5 goblins
  4 hobgoblins
  5 jackals
  A kobold (D:4)
  2 quokkas
  4 ball pythons
  7 bats
  A frilled lizard (D:1)
  A gnoll zombie (D:6)
  4 rats
65 creatures vanquished.

Vanquished Creatures (collateral kills)
  Sigmund (D:3)
  A wyvern (D:8)
  Eustachio (D:4)
  Edmund (D:5)
  2 water moccasins
  2 orc warriors
  An ice beast (D:5)
  2 ogres (D:5)
  A centaur (D:7)
  A phantom (D:7)
  A kobold brigand (D:8)
  3 bullfrogs (D:7)
  2 scorpions (D:5)
  A burial acolyte (D:6)
  4 bombardier beetles
  A jelly (D:6)
  A hound (D:5)
  2 orc priests
  3 sleepcaps
  An iguana (D:5)
  5 orc wizards
  9 gnolls
  6 adders
  2 shadow imps (D:6)
  2 white imps (D:5)
  2 ufetubi (D:6)
  2 dart slugs (D:2)
  17 orcs
  An endoplasm (D:4)
  2 gnoll zombies (D:6)
  A goblin (D:2)
  A hobgoblin (D:1)
  3 jackals
  5 kobolds
  3 quokkas
  A ball python (D:3)
  A frilled lizard (D:1)
  A kobold zombie (D:6)
  2 rats
98 creatures vanquished.

Vanquished Creatures (others)
  An arcanist (D:6)
  4 ancestors (D:8)
  2 blazeheart cores
7 creatures vanquished.

Grand Total: 170 creatures vanquished

Notes
Turn   | Place    | Note
-------+----------+-------------------------------------------
     0 | D:1      | ChadusMaximus the Barachi Summoner began the quest for the
                  | Orb.
     0 | D:1      | Reached XP level 1. HP: 13/13 MP: 3/3
   220 | D:1      | Found a faded altar of an unknown god.
   231 | D:1      | Reached skill level 5 in Summonings
   249 | D:1      | Reached XP level 2. HP: 9/19 MP: 1/5
   511 | D:1      | Reached XP level 3. HP: 24/24 MP: 6/6
   878 | D:1      | Learned a level 3 spell: Call Canine Familiar
   882 | D:1      | Learned a level 2 spell: Call Imp
  1212 | D:2      | Reached skill level 6 in Summonings
  1212 | D:2      | Reached XP level 4. HP: 11/30 MP: 3/8
  2196 | D:3      | Found a glowing golden altar of the Shining One.
  2208 | D:3      | Noticed Sigmund
  2218 | D:3      | Killed Sigmund
  2219 | D:3      | Reached skill level 7 in Summonings
  2219 | D:3      | Reached XP level 5. HP: 35/35 MP: 4/11
  2219 | D:3      | Reached XP level 6. HP: 41/41 MP: 4/12
  2620 | D:3      | Found a shimmering altar of Xom.
  2653 | D:4      | Noticed Eustachio
  2674 | D:4      | Killed Eustachio
  2675 | D:4      | Reached skill level 8 in Summonings
  2932 | D:4      | Found a white marble altar of Elyvilon.
  2942 | D:4      | Reached XP level 7. HP: 22/46 MP: 11/13
  3594 | D:4      | Reached skill level 9 in Summonings
  3650 | D:4      | Learned a level 4 spell: Summon Lightning Spire
  3713 | D:4      | Reached skill level 5 in Spellcasting
  4462 | D:5      | Entered Level 5 of the Dungeon
  4469 | D:5      | Learned a level 4 spell: Summon Blazeheart Golem
  4710 | D:5      | Noticed Edmund
  4735 | D:5      | Killed Edmund
  4866 | D:5      | Reached XP level 8. HP: 52/52 MP: 16/16
  4876 | D:5      | Reached skill level 10 in Summonings
  5210 | D:5      | Reached skill level 11 in Summonings
  5286 | D:5      | Found Ushruaq's Antique Weapon Boutique.
  5699 | D:6      | Reached XP level 9. HP: 57/57 MP: 19/19
  5726 | D:6      | Noticed a nameless horror
  5741 | D:6      | Killed a nameless horror
  5838 | D:6      | Reached skill level 12 in Summonings
  6159 | D:6      | Found an ancient bone altar of Kikubaaqudgha.
  6468 | D:6      | Found a bloodstained altar of Trog.
  6468 | D:6      | Noticed a wizard
  6473 | D:6      | Killed a wizard
  6787 | D:7      | Found a staircase to the Ecumenical Temple.
  6792 | Temple   | Entered the Ecumenical Temple
  6810 | Temple   | Became a worshipper of Hepliaklqana the Forgotten
  6906 | D:7      | Found Fialaf's Antique Armour Boutique.
  7075 | D:7      | Reached skill level 13 in Summonings
  7243 | D:7      | Found an iron altar of Okawaru.
  7442 | D:7      | Found a shimmering blue altar of Sif Muna.
  7574 | D:7      | Identified the +0 pair of gloves of the Watchman {rN+}
  7871 | D:7      | Reached * piety under Hepliaklqana
  7955 | D:8      | Reached skill level 1 in Fighting
  7955 | D:8      | Reached skill level 1 in Long Blades
  8246 | D:8      | Found a staircase to the Lair.
  8499 | D:8      | Reached XP level 10. HP: 49/63 MP: 15/22
  8709 | D:8      | Noticed Erica
  8721 | D:8      | Killed from afar by Erica

Illustrated notes

Levels and vault maps discovered:
D:1:      tarquinn_simple_flora_water_a, layout_loops_cross,
          chequers_ecumenical_altar_island, serial_forest,
          infiniplex_forest_straight_5, infiniplex_forest_clump_small,
          infiniplex_forest_clump_diagonal, infiniplex_forest_straight_2,
          infiniplex_forest_straight_1, infiniplex_forest_straight_5,
          hangedman_decor_slide_cut, hangedman_decor_points
D:2:      layout_loops_ring
D:3:      layout_rooms, nicolae_overflow_hidden_temple, tso_oasis_becter,
          uniq_sigmund
D:4:      layout_layer_cave, overflow_temple_1_default, serial_co_window_serial,
          co_window_corner_a, co_window_of_opportunity_a, co_window_paths_a,
          co_window_paths_a, co_window_corner_a, co_window_unsneaky_path_a,
          co_window_2corner, co_window_of_opportunity_c,
          co_window_of_opportunity_b, co_window_paths_e, co_window_4corner_a,
          glass_columns_b, glass_columns_a, uniq_eustachio
D:5:      layout_rooms, serial_bayou, serial_bayou_lagoon_b,
          serial_bayou_pond_b, serial_bayou_lake_a, serial_bayou_pond_e,
          serial_bayou_crossing, serial_shops, shop,
          dreamdust_mushroom_princess, minmay_pentangle, uniq_edmund
D:6:      layout_gridville, regret_index_kikubaaqudgha_part_by_part,
          trog_wizard, chequers_serial_rivers_micro_a
D:7:      layout_basic, nicolae_overflow_squiral, minmay_temple_entry_offerings,
          serial_shops, shop_statue, serial_co_window_serial, co_window_paths_a,
          co_window_of_opportunity_a, co_window_paths_a, co_window_paths_a,
          co_window_of_opportunity_a, co_window_paths_b, co_window_paths_a,
          co_window_broadway_a, co_window_broadway_c, co_window_broadway_b,
          co_window_2corner, co_window_paths_d, glass_columns_b,
          glass_columns_a, glass_columns_a, glass_columns_b, glass_columns_a
D:8:      layout_gridville, zin_statuary, dpeg_oklobed_lair,
          minmay_misc_feat_columns, uniq_erica
Temple:   compressed_dpeg_circular_temple

Skill      XL: |  1  2  3  4  5  6  7  8  9 |
---------------+----------------------------+-----
Summonings     | 5 6 7 8 9 11 13 | 13.5
Spellcasting   | 3 4 5 6 8 |  8.0
Fighting       | 3 |  3.4
Long Blades    | 2 |  2.2
Dodging        | 3 |  3.2
Stealth        | |  1.8

Action                     |  1- 3 |  4- 6 |  7- 9 | 10-12 || total
---------------------------+-------+-------+-------+-------++-------
  Melee: Short sword       |    87 |    53 |    65 |     6 ||   211
         Unarmed           |     5 |       |       |       ||     5
         Falchion          |       |     5 |    35 |       ||    40
         Punch             |       |       |     1 |       ||     1
   Cast: Summon Small Mamm |    15 |    10 |    22 |       ||    47
         Call Imp          |     2 |     7 |    30 |     1 ||    40
         Call Canine Famil |     2 |     7 |    35 |     2 ||    46
         Summon Lightning  |       |       |    28 |     2 ||    30
         Summon Blazeheart |       |       |     2 |       ||     2
Ability: Hop               |     3 |       |     1 |       ||     4
    Use: Scroll            |       |       |     9 |       ||     9
   Stab: Sleeping          |     3 |     2 |       |       ||     5
         Distracted        |       |       |     2 |       ||     2
 Armour: Robe              |    48 |    55 |   103 |     9 ||   215
  Dodge: Dodged            |    77 |    63 |   110 |     3 ||   253
